 Dungeon Crawl Stone Soup version 0.17.2 (webtiles) character file.

95 Goblin1989 the Insei (level 4, 0/49 HPs)
             Began as a Demonspawn Transmuter on July 5, 2016.
             Succumbed to an adder's poison
             ... on level 3 of the Dungeon.
             The game lasted 00:06:41 (2840 turns).

Goblin1989 the Insei (Demonspawn Transmuter)        Turns: 2840, Time: 00:06:41

Health: 0/49       AC: 22    Str: 11    XL:     4   Next: 40%
Magic:  0/7        EV:  2    Int: 15    God:
Gold:   127        SH:  0    Dex: 13    Spells: 2 memorised, 5 levels left

rFire  . . .     SeeInvis .       - Unarmed
rCold  . . .     Clarity  .     (armour currently unavailable)
rNeg   + + +     SustAt   .     (no shield)
rPois  +         Gourm    .     (helmet currently unavailable)
rElec  .         Spirit   +     (cloak currently unavailable)
rCorr  .         Warding  .     (gloves currently unavailable)
rMut   .         NoTele   +     (boots currently unavailable)
MR     .....                    (no amulet)
Stlth  +.........               (no ring)
                                (no ring)

@: lethally poisoned (0 -> -5), tree-form, not resistant to hostile
enchantments, very unstealthy
A: (talons 0), (cold resistance 0), magic shield
a: no special abilities


You were on level 3 of the Dungeon.
You were near starving.
You were a tree.
You visited 1 branch of the dungeon, and saw 3 of its levels.

You collected 127 gold pieces.

Inventory:

Missiles
 a - 55 arrows
 g - 5 steel sling bullets
 l - 31 stones (quivered)
 v - 20 sling bullets
Armour
 b - a +0 robe (melded)
 s - a cursed +0 pair of gloves (melded)
Wands
 q - a wand of confusion (20)
 x - a wand of invisibility (3)
Scrolls
 e - 4 scrolls of identify {unknown}
 i - a scroll of recharging {unknown}
 k - a scroll of blinking {unknown}
 n - a scroll of fog {unknown}
 r - a scroll of immolation {unknown}
 u - a scroll of remove curse {unknown}
 w - a scroll of teleportation {unknown}
Potions
 m - 2 potions of flight {unknown}
Books
 c - a book of Changes

   Spells                             Type                      Level
   a - Beastly Appendage              Transmutation                1
   b - Sticks to Snakes               Transmutation                2
   c - Spider Form                    Transmutation/Poison         3
   d - Ice Form                       Ice/Transmutation            4
   e - Blade Hands                    Transmutation                5
Comestibles
 d - 5 bread rations
 f - 2 beef jerkies
 p - a slice of pizza
 t - 2 meat rations


   Skills:
 + Level 2.0 Fighting
 + Level 2.3 Dodging
 + Level 3.1 Unarmed Combat
 + Level 2.6 Spellcasting
 + Level 2.5 Transmutations


You had 5 spell levels left.
You knew the following spells:

 Your Spells              Type           Power        Failure   Level  Hunger
a - Beastly Appendage     Trmt           #.....       10%         1    #......
b - Sticks to Snakes      Trmt           #.........   12%         2    ###....


Dungeon Overview and Level Annotations

Branches:
Dungeon (3/15)

Altars:
The Shining One

Annotations:
D:3 Alipheese's ghost, weakling NaFi


Innate Abilities, Weirdness & Mutations

((Your flesh is cold resistant.))
When hurt, damage is shared between your health and your magic reserves.
((You have sharp toenails.))


Message History

* * * LOW HITPOINT WARNING * * *
The adder bites you.
* * * LOW HITPOINT WARNING * * *
You take 2 damage, and have 1/33 hp.
Drink which item? (? for menu, Esc to quit)
It was a potion of mutation.
You feel extremely strange.
You feel your magical essence link to your wands.
Your magical essence is no longer linked to your wands.
Your toenails lengthen and sharpen.
You are near starving!
Your adder bites the adder.
The adder looks even sicker.
Your adder poisons the adder!
The adder bites you but does no damage. The adder bites you but does no damage.
Your adder closely misses the adder.
Drink which item? (? for menu, Esc to quit)
It was a potion of lignification.
Your horns disappear.
You turn into a tree.
Your cursed +0 pair of gloves melds into your body.
Your +0 robe melds into your body.
Your roots penetrate the ground.
You die...

#############
#...........
#.......#.###.##
##.....S.........
......S..<.#
#....S♣..##
#.......##
#.........
##.####.### # #+#
.# .# ###.#
##.#.#
####....###


You could see 2 adders and a friendly adder.

Vanquished Creatures
  An adder (D:2)
  An ooze (D:1)
  7 giant geckos
  3 giant cockroaches (D:1)
  9 hobgoblins
  6 jackals
  3 kobolds
  A quokka (D:2)
  7 bats
  5 giant newts
  2 goblins (D:1)
  12 rats
57 creatures vanquished.

Vanquished Creatures (collateral kills)
  Jessica (D:2)
1 creature vanquished.

Grand Total: 58 creatures vanquished

Notes
Turn   | Place    | Note
--------------------------------------------------------------
     0 | D:1      | Goblin1989 the Demonspawn Transmuter began the quest for the Orb.
     0 | D:1      | Reached XP level 1. HP: 15/15 MP: 3/3
   206 | D:1      | Gained mutation: When hurt, damage is shared between your health and your magic reserves. [demonic ancestry]
   206 | D:1      | Reached XP level 2. HP: 15/21 MP: 3/5
   970 | D:1      | Reached XP level 3. HP: 21/26 MP: 3/6
  1582 | D:2      | Noticed Jessica
  1591 | D:2      | Learned a level 2 spell: Sticks to Snakes
  1759 | D:2      | Killed Jessica
  1759 | D:2      | Reached skill level 3 in Unarmed Combat
  1759 | D:2      | Gained mutation: Your flesh is cold resistant. [demonic ancestry]
  1759 | D:2      | Reached XP level 4. HP: 30/33 MP: 1/7
  1850 | D:2      | Found a glowing golden altar of the Shining One.
  2639 | D:3      | Noticed Alipheese's ghost (weakling NaFi)
  2640 | D:3      | Goblin1989: !lg alipheese place=dungeon:3 -log
  2640 | D:3      | beem: No games for alipheese (place=dungeon:3).
  2838 | D:3      | HP: 1/33 [adder (1)]
  2839 | D:3      | Gained mutation: You expend magic power (3 MP) to strengthen your wands. [potion of mutation]
  2839 | D:3      | Lost mutation: You expend magic power (3 MP) to strengthen your wands. [potion of mutation]
  2839 | D:3      | Gained mutation: You have sharp toenails. [potion of mutation]
  2840 | D:3      | Succumbed to an adder's poison

Action                   |  1- 3 |  4- 6 || total
-------------------------+-------+-------++-------
Melee: Unarmed           |   125 |    80 ||   205
 Cast: Beastly Appendage |    28 |    10 ||    38
       Sticks to Snakes  |     3 |     5 ||     8
  Use: Potion            |       |     3 ||     3
 Stab: Sleeping          |     1 |       ||     1
  Eat: Chunk             |     3 |     3 ||     6
